Map: Kairos Junction LE

Players

liquidthermy (uThermal) - Winner!

  • Race: Terran Terran
  • League: Master
  • Spawn Location: 11:00

llllllllllll (herO)

  • Race: Protoss Protoss
  • League: Master
  • Spawn Location: 5:00

Event: IEM Season 13 - Katowice Server Qualifiers Europe

VOD

Have the link to the VOD?

Description

Time

  • Played on: Jan. 8, 2019, 9:13 a.m.
  • Length: 4:38

All games in this series

Show
View Real Time Build Order
Export as new Build Order

liquidthermy Terran - Winner!

Build Orders: Reaper Expand 

Get SALT Encoding   

  12  0:01  SCV  
  13  0:13  SCV  
  14  0:17  Supply Depot  
  14  0:25  SCV  
  15  0:38  SCV  
  15  0:40  Barracks  
  16  0:43  Refinery  
  16  0:50  SCV  
  17  1:02  SCV  
  18  1:14  SCV  
  19  1:27  Reaper, Orbital Command  
  20  1:40  Command Center  
  20  1:49  Supply Depot  
  20  1:53  SCV  
  21  1:59  Marine  
  22  2:05  SCV  
  22  2:08  Factory  
  23  2:14  Refinery  
  23  2:17  SCV  
  23  2:20  Barracks Reactor  
  24  2:29  SCV  
  25  2:41  SCV  
  26  2:51  Bunker  
  26  2:52  Widow Mine, Orbital Command  
  26  2:54  Starport  
  26  2:55  SCV  
  26  2:57  Marine  
  30  2:59  Marine  
  31  3:07  SCV  
  32  3:15  Marine, Factory Tech Lab  
  32  3:16  Marine  
  32  3:19  SCV  
  35  3:24  SCV  
  36  3:31  Viking, SCV  
  39  3:34  Cyclone  
  39  3:37  Marine  
  39  3:38  Marine  
  39  3:39  Orbital Command  
  45  3:43  SCV  
  45  3:46  Supply Depot  
  45  3:52  Barracks  
  45  3:57  Barracks  
  45  3:58  SCV  
  46  4:03  Starport Reactor  
  46  4:07  Marine x2  
  48  4:16  SCV  
  49  4:18  Factory Tech Lab  
  49  4:19  SCV  
  54  4:31  Supply Depot  
Show
View Real Time Build Order
Export as new Build Order

llllllllllll Protoss 

Build Orders: Oracle Opening 

Get SALT Encoding   

  12  0:01  Probe  
  13  0:13  Probe  
  14  0:17  Pylon  
  14  0:25  Probe  
  15  0:35  Gateway, Probe  
  16  0:43  Probe, Assimilator  
  17  0:51  Probe  
  18  0:57  Assimilator  
  18  1:03  Probe  
  19  1:15  Probe  
  20  1:22  Cybernetics Core  
  20  1:23  Pylon  
  20  1:24  Zealot  
  22  1:27  Probe  
  23  1:41  Probe  
  24  1:50  Adept  
  24  1:53  Probe  
  25  1:59  Stargate  
  28  2:14  Pylon  
  27  2:16  Adept  
  29  2:32  Oracle, Probe  
  33  2:51  Nexus  
  33  2:53  Stalker  
  35  3:00  Oracle  
  35  3:07  Pylon  
  38  3:15  Probe  
  36  3:27  Probe  
  37  3:40  Probe  
  37  3:45  Oracle  
  40  3:52  Probe  
  38  4:04  Probe x2  
  40  4:16  Probe x2  

Tags
 
Add a new tag
Caveats
  • Supply blocks, unpowered buildings, or Contaminate may cause inaccurate times.
  • Supply counts are checked every 10 seconds.